 Dungeon Crawl Stone Soup version 0.15-a0-2232-g756d4b8 (webtiles) character file.

1761 MRaven the Archer (level 8, -4/67 HPs)
             Began as a Centaur Hunter on July 25, 2014.
             Was an Initiate of Trog.
             Slain by a spatial vortex (20 damage)
             ... summoned by a spatial maelstrom
             ... on Level 2 of the Abyss.
             The game lasted 01:04:06 (7704 turns).

MRaven the Archer (Centaur Hunter)                  Turns: 7704, Time: 01:04:07

HP  -4/67        AC  8     Str 15      XL: 8   Next: 79%
MP  15/15        EV  8     Int 10      God: Trog [......]
Gold 271         SH  9     Dex 12      Spells:  0 memorised,  7 levels left

rFire  + . .     SeeInvis .     l - +0 spear
rCold  + . .     Clarity  .     e - +2 robe {rC+ rF+}
rNeg   . . .     rCorr    .     x - +2 shield
rPois  .         rRot     .     y - +0 helmet
rElec  .         Spirit   .     n - +0 cloak
SustAb .         Warding  .     (no gloves)
rMut   .         Stasis   .     (no barding)
Gourm  .                        (no amulet)
MR     .....                    v - ring of magical power
                                (no ring)

@: about to teleport, very quick, not resistant to hostile enchantments, very
unstealthy
A: hooves 3, deformed body, speed 2, tough skin 3
a: Burn Spellbooks, Renounce Religion


You were on level 2 of the Abyss.
You worshipped Trog.
Trog was noncommittal.
You were hungry.

You visited 2 branches of the dungeon, and saw 7 of its levels.
You visited the Abyss 1 time.

You collected 271 gold pieces.

Inventory:

Hand weapons
 a - a +0 long sword
 b - a +1 shortbow of freezing
 c - a +0 flail of holy wrath
 k - a +1 shortbow of flaming
 l - a +0 spear (weapon)
Missiles
 j - 12 arrows
Armour
 d - a steam dragon hide
 e - a +2 robe of resistance (worn)
 n - a +0 cloak (worn)
 q - the cursed +4 robe of Amorality {Dex+3, unknown}
   (You found it on level 4 of the Dungeon)

   It affects your dexterity (+3).
   It has a curse placed upon it.
 r - the +0 leather armour of the Harvest {rN+}
   (You found it on level 5 of the Dungeon)

   It protects you from negative energy.
 x - a +2 shield (worn)
 y - a +0 helmet (worn)
Magical devices
 p - a wand of paralysis (15)
Comestibles
 f - 4 bread rations
 i - 5 meat rations
 w - 3 fruits
Scrolls
 m - a scroll of teleportation
 o - a scroll of fear
 u - a scroll of blinking
 z - 3 scrolls of identify
Jewellery
 s - an uncursed amulet of the gourmand {unknown}
 v - a ring of magical power (right hand)
Potions
 g - a potion of agility
 h - a potion of cancellation
 E - a potion of mutation {unknown}


   Skills:
 + Level 4.4 Fighting
 + Level 3.1 Polearms
 * Level 11.0 Bows
 + Level 4.9 Dodging
 - Level 0.5 Stealth


You had 7 spell levels left.
You didn't know any spells.

Dungeon Overview and Level Annotations

Branches:
Dungeon (6/15)             Temple (1/1) D:4

Altars:
Dithmenos
Elyvilon
Fedhas
Kikubaaqudgha
Trog
Vehumet
Xom
The Shining One

Shops:
D:5 %


Innate Abilities, Weirdness & Mutations

You have hooves in place of feet.
Armour fits poorly on your strangely shaped body.
You cover ground very quickly.
You have extremely tough skin (AC +3).


Message History

The human disappears in a puff of smoke!
A thrashing horror comes into view.
Read which item? (? for menu, Esc to quit)
As you read the scroll of teleportation, it crumbles to dust.
You feel strangely unstable.
You feel the power of the Abyss delaying your translocation.
The hell hound breathes flames at you. The blast of flame hits you! You resist.
* * * LOW HITPOINT WARNING * * *
A worldbinder comes into view.
The worldbinder calls forth creatures from the Vaults!
The worldbinder calls forth creatures from the Vaults!
A large abomination comes into view.
A spatial vortex comes into view.
The spatial vortex moves out of view.
Drink which item? (? for menu, Esc to quit)
Okay, then.
You block the hell hound's attack. The spatial vortex hits you!!
You die...

#.## .w.#
.###xp.#.# . .
#..#
.##.h..§c#.# .
X.# .#
:.##.###..#.#
#.### ....
..#... . ##
#...##.###..#..#
##.#.##.#####.
## #. # . #.xh.#
.. . # .. ####.#
.## . ## #@# #v#
##. #. .# . ##


You could see a spatial vortex and a hell hound.

Vanquished Creatures
  The ghost of ThermosAquaticus the Caller, an experienced MfSu (D:5)
  Prince Ribbit (D:5)
  Edmund (D:5)
  A sky beast (D:4)
  2 ogres (D:4)
  A phantom (D:5)
  2 centaurs (D:5)
  A scorpion (D:4)
  The ghost of ketsa the Insei, a weakling DrTm (D:3)
  2 crimson imps
  An orc priest (D:6)
  A hound (D:5)
  A jelly (D:5)
  An iguana (D:4)
  5 worker ants
  3 orc wizards (D:4)
  Ijyb (D:4)
  Jessica (D:2)
  A worker ant zombie (D:5)
  4 adders
  2 giant mites
  A worm (D:3)
  An adder skeleton (D:5)
  2 orc skeletons
  2 giant geckos
  11 orcs
  A bat zombie (D:5)
  9 hobgoblins
  8 jackals
  2 quokkas
  5 ball pythons
  8 bats
  4 giant cockroaches
  5 giant newts
  2 gnoll zombies (D:5)
  7 goblins
  A goblin zombie (D:5)
  A hobgoblin zombie (D:5)
  12 kobolds
  A kobold zombie (D:5)
  An orc zombie (D:5)
  10 rats
  A plant (D:4)
129 creatures vanquished.

Vanquished Creatures (others)
  An orc wizard (D:6)
  A lurking horror (Abyss:2)
  A plant (D:4)
  6 starspawn tentacles (Abyss:2)
  14 starspawn tentacle segments (Abyss:2)
23 creatures vanquished.

Grand Total: 152 creatures vanquished

Notes
Turn   | Place    | Note
--------------------------------------------------------------
     0 | D:1      | MRaven, the Centaur Hunter, began the quest for the Orb.
     0 | D:1      | Reached XP level 1. HP: 16/16 MP: 1/1
   212 | D:1      | Reached XP level 2. HP: 7/23 MP: 2/2
   938 | D:2      | Reached XP level 3. HP: 23/28 MP: 3/3
   977 | D:2      | Noticed Jessica
   987 | D:2      | Reached skill level 6 in Bows
   991 | D:2      | Killed Jessica
  1184 | D:2      | Reached XP level 4. HP: 25/35 MP: 3/3
  1767 | D:3      | Noticed ketsa's ghost (weakling DrTm)
  1782 | D:3      | Killed ketsa's ghost
  2032 | D:3      | Found a glowing golden altar of the Shining One.
  2150 | D:3      | Found an ancient bone altar of Kikubaaqudgha.
  2150 | D:3      | Found a blossoming altar of Fedhas.
  2226 | D:3      | Reached XP level 5. HP: 37/40 MP: 4/4
  2567 | D:3      | Found a shimmering altar of Xom.
  2567 | D:3      | Found a shimmering altar of Xom.
  2568 | D:3      | Found a shimmering altar of Xom.
  2569 | D:3      | Found a shimmering altar of Xom.
  3002 | D:4      | Reached skill level 7 in Bows
  3366 | D:4      | Reached XP level 6. HP: 45/47 MP: 5/5
  3467 | D:4      | Noticed a sky beast
  3797 | D:4      | Noticed an ogre
  3889 | D:4      | Killed an ogre
  3989 | D:5      | Entered Level 5 of the Dungeon
  4181 | D:5      | Reached skill level 8 in Bows
  4232 | D:5      | Found Gyil's Food Shoppe.
  4237 | D:5      | Noticed Prince Ribbit
  4245 | D:5      | Noticed Edmund
  4305 | D:5      | Reached XP level 7. HP: 12/56 MP: 5/5
  4481 | D:5      | Killed Edmund
  4869 | D:5      | Got a dazzling leather armour
  4881 | D:5      | Identified the +0 leather armour of the Harvest {rN+} (You found it on level 5 of the Dungeon)
  5017 | D:5      | Killed Prince Ribbit
  5017 | D:5      | Reached skill level 1 in Polearms
  5017 | D:5      | Reached skill level 9 in Bows
  5496 | D:5      | Noticed ThermosAquaticus' ghost (experienced MfSu)
  5561 | D:5      | Reached XP level 8. HP: 48/63 MP: 6/6
  5955 | D:4      | Got a warped robe
  6099 | D:4      | Killed a sky beast
  6099 | D:4      | Reached skill level 10 in Bows
  6294 | D:4      | Noticed an ogre
  6301 | D:4      | Killed an ogre
  6445 | D:4      | Found a staircase to the Ecumenical Temple.
  6450 | Temple   | Entered the Ecumenical Temple
  6489 | Temple   | Became a worshipper of Trog the Wrathful
  6514 | D:4      | Noticed Ijyb
  6543 | D:4      | Killed Ijyb
  7126 | D:5      | Killed ThermosAquaticus' ghost
  7557 | D:6      | Reached skill level 11 in Bows
  7569 | D:6      | Cast into the Abyss (orc wizard)
  7621 | Abyss:2  | Noticed a large abomination
  7656 | Abyss:2  | Noticed a large abomination
  7664 | Abyss:2  | Noticed a tentacled starspawn
  7673 | Abyss:2  | Noticed a worldbinder
  7674 | Abyss:2  | Noticed an ironheart preserver
  7681 | Abyss:2  | Noticed a tentacled starspawn
  7688 | Abyss:2  | Noticed a thrashing horror
  7695 | Abyss:2  | Noticed a worldbinder
  7696 | Abyss:2  | Noticed a yaktaur
  7697 | Abyss:2  | Noticed an ironheart preserver
  7697 | Abyss:2  | Noticed a large abomination
  7704 | Abyss:2  | Slain by a spatial vortex

Action                   |  1- 3 |  4- 6 |  7- 9 || total
-------------------------+-------+-------+-------++-------
Melee: Short sword       |       |   103 |       ||   103
       Shortbow          |       |     1 |       ||     1
       Long sword        |       |    15 |       ||    15
       Spear             |       |       |   138 ||   138
       Flail             |       |       |     1 ||     1
 Fire: Shortbow          |   106 |   201 |   129 ||   436
Evoke: Wand              |       |       |     1 ||     1
  Use: Scroll            |     6 |     3 |     2 ||    11
       Potion            |       |     6 |       ||     6
  Eat: Chunk             |       |     6 |     4 ||    10
       Beef jerky        |       |     1 |       ||     1
       Royal jelly       |       |       |     2 ||     2
